[Event "41st OBSenEM 2025"]
[Site "Berlin"]
[Date "2025.02.04"]
[Round "1.1"]
[White "Meister, Jakob"]
[Black "Kranch, Klaus"]
[Result "1-0"]
[Annotator "TA"]
[ECO "A13"]
[WhiteElo "2418"]
[BlackElo "1851"]
[PlyCount "73"]
[EventDate "2025.02.04"]
[EventType "swiss"]
[EventCountry "GER"]
[SourceTitle "playchess.com"]
[Source "ChessBase"]
[SourceQuality "1"]
[TimeControl "40/5400+30:1800+30"]

1. Nf3 d5 2. c4 e6 3. e3 Nf6 4. b3 c6 5. Be2 Be7 6. O-O O-O 7. Bb2 Nbd7 8. d3 b6 9. Nbd2 Bb7 10. e4 {[%emt 0:00:28] A13: English Opening: 1...e6.} Rc8 11. Rc1 $146 (11. Re1 Qc7 12. Bf1 Rfd8 13. Rc1 dxe4 14. dxe4 c5 15. Qc2 Nf8 16. e5 Ng4 17. Ne4 Ng6 {½-½ Kisadere,K (1809)-Bayram,I (1525) TUR Cup Antalya 2019 (10)}) 11... h6 12. Re1 {[%emt 0:09:38] White has an edge.} c5 13. cxd5 exd5 14. e5 Nh7 15. d4 Ng5 16. Nf1 Ne6 17. Ne3 cxd4 ({Black should try} 17... Re8 $11) 18. Rxc8 $14 Qxc8 {[%emt 0:00:09] [#]} 19. Nf5 Bb4 {[%emt 0:03:15] [#] This move loses the game for Black.} (19... Bc5 $16) 20. a3 $1 $18 g6 $2 (20... Bc5 {is a better defense.} 21. b4 (21. Bxd4 Bxa3 22. Qa1 Bb4 $14) (21. N5xd4 Nxd4 22. Bxd4 Bxa3 $11) (21. N3xd4 Qd8 $16) 21... Qc7) 21. Nxh6+ ({But not} 21. axb4 gxf5 22. Nxd4 (22. Bxd4 Re8 $18) 22... Qd8 23. Nxf5 d4 24. Bxd4 (24. Nxd4 Nf4 $18) 24... Qg5 $18) 21... Kg7 22. Nf5+ gxf5 23. axb4 Rh8 24. Nxd4 Kf8 25. Nxf5 Qd8 26. Qd2 d4 27. Bf1 Rh5 28. Nxd4 Qh4 29. Nxe6+ Kg8 30. h3 (30. Qxd7 $2 Qxh2#) 30... Bc8 31. Nf4 {[%emt 0:01:29][%cal Oe5e6] Hoping for e6!.} Rf5 32. g3 Qg5 33. e6 fxe6 34. Rxe6 Nf8 35. Rc6 Bd7 36. Rd6 (36. Bc4+ $142 Kh7 37. Rg6 Qxf4 38. Rg7+ (38. gxf4 Re5 39. Rg8 Be6 40. Rxf8 Bxc4 41. Bxe5 Bg8 42. Qd7+ Kg6 43. Qg7+ Kh5 44. Qg5#) (38. Qxf4 Rxf4 39. Rg7+ Kh6 $18) 38... Kh6 39. gxf4 Kh5 40. Bf7+ (40. Rxd7 Nxd7 41. Qxd7 Rxf4 42. Be2+ Kg5 43. Qg7+ Kf5 44. Bg4+ Ke4 45. Qd4#) 40... Kh6 41. Qd4 (41. Qd6+ Ne6 42. Bxe6 Bxe6 43. Qxe6+ Rf6 44. Qxf6+ Kh5 45. Rh7#) 41... Rxf7 42. Rxf7 Kh5 43. Qh8+ Kg6 44. Rf6#) 36... Rf7 37. Bc4 {[%emt 0:00:46][%csl LRd7,LRf7] Weighted Error Value: White=0.14 (very precise) /Black=1.36  Mistake:       	---       	Black=3      Inaccurate:     	White=1     	Black=4      OK:         	White=11    	Black=5      Best:        	White=1     	---        Strong:       	White=1     	---} 1-0

[Event "41st OBSenEM 2025"]
[Site "Berlin"]
[Date "2025.02.04"]
[Round "1.2"]
[White "Bartonek, Rolf"]
[Black "Heinig, Wolfram"]
[Result "0-1"]
[Annotator "TA"]
[ECO "B12"]
[WhiteElo "1849"]
[BlackElo "2196"]
[PlyCount "62"]
[EventDate "2025.02.04"]
[EventType "swiss"]
[EventCountry "GER"]
[SourceTitle "playchess.com"]
[Source "ChessBase"]
[SourceQuality "1"]
[TimeControl "40/5400+30:1800+30"]

1. e4 c6 2. d4 d5 3. e5 Bf5 4. Bd3 Bxd3 5. Qxd3 e6 6. Nf3 Qa5+ 7. Nbd2 c5 {[%emt 0:04:54] B12: Caro-Kann: Advance Variation.} 8. dxc5 Bxc5 9. c3 {[%emt 0:02:51] [#] Threatens to win with b4.} Qa6 {[%emt 0:02:19] The position is equal.} 10. Qxa6 Nxa6 11. Nb3 $146 (11. O-O Ne7 12. Nb3 Bb6 13. Nfd4 O-O 14. Bg5 Ng6 15. f4 h6 16. Bxh6 gxh6 17. Kh1 Nc5 18. Nxc5 Bxc5 19. Rae1 Bxd4 20. cxd4 {0-1 Shkolnikov,I-Velikanov,I Internet Section 07A g/8'+2" blitz 2004 (9)}) 11... Bb6 12. Nfd4 Ne7 13. Ke2 Nc6 14. Nxc6 bxc6 15. Be3 Rb8 16. Rab1 Kd7 17. Rhd1 c5 18. f4 Kc6 19. Rd2 (19. Nd2 $11) 19... Rb7 20. Kf3 h5 21. g3 g6 22. h3 (22. Rdd1 $11) 22... Rhb8 23. Re2 c4 24. Nd4+ (24. Bxb6 $15 Rxb6 (24... cxb3 25. Bd4 $11) 25. Nd4+ Kb7 26. Rc2) 24... Bxd4 $17 25. Bxd4 Nc5 26. Bxc5 (26. g4 $17 {was called for.}) 26... Kxc5 {[%emt 0:00:43] KRR-KRR} 27. Rd2 $2 {[%emt 0:02:17] [#]} (27. g4) 27... a5 $19 28. Ke2 a4 29. a3 $2 (29. Kd1 a3 30. g4) 29... Rb3 {Black is clearly winning.} 30. Kd1 Rxc3 31. Rc1 Rxg3 {[%emt 0:00:30] Weighted Error Value: White=0.48/Black=0.09 (flawless)   Mistake:       	White=6     	---        Inaccurate:     	White=2     	Black=3      OK:         	White=3     	Black=4      Best:        	---       	Black=3} 0-1

[Event "41st OBSenEM 2025"]
[Site "Berlin"]
[Date "2025.02.04"]
[Round "1.3"]
[White "Postler, Reinhard"]
[Black "Oppermann, Peter"]
[Result "1-0"]
[Annotator "TA"]
[ECO "C65"]
[WhiteElo "2189"]
[BlackElo "1849"]
[PlyCount "78"]
[EventDate "2025.02.04"]
[EventType "swiss"]
[EventCountry "GER"]
[SourceTitle "playchess.com"]
[Source "ChessBase"]
[SourceQuality "1"]
[TimeControl "40/5400+30:1800+30"]

1. e4 e5 2. Nf3 Nc6 3. Bb5 Nf6 4. d3 a6 5. Bxc6 bxc6 6. Nxe5 {[%emt 0:01:14] C65: Ruy Lopez: Berlin Defence (3...Nf6), unusual lines and 4 0-0 Bc5.} Bb7 7. O-O d5 8. exd5 {[%emt 0:02:50] White is clearly better.} cxd5 9. Re1 Be7 10. d4 O-O 11. Nd2 $146 (11. Bg5 Re8 12. Nd2 Qd6 13. c3 Ne4 14. Bxe7 Rxe7 15. f3 Nxd2 16. Qxd2 Rae8 17. Nd3 {1-0 Vo,H-Nguyen T Thu,H VIE-ch U15 Girls 2002 (7)}) 11... c5 12. dxc5 Bxc5 13. Nb3 Bd6 14. Bf4 (14. Bg5 $1 $16) 14... Qc7 {[%emt 0:02:32] [#]} 15. Bg3 $1 Rfe8 16. Nf3 Bxg3 17. Rxe8+ (17. fxg3 $6 Re4 $11) 17... Rxe8 18. hxg3 (18. fxg3 $6 h6 $14) 18... h6 19. c3 Ne4 20. Qd4 f5 (20... Qb8 $16 21. Nc5 Bc8) 21. Rc1 $18 f4 {[%emt 0:10:39] [#]} 22. gxf4 Qxf4 23. c4 ({Better is} 23. Re1 $18) 23... dxc4 $16 24. Qxc4+ Kh8 25. Qd4 Qb8 26. Re1 {[%emt 0:03:21] Black is weak on the dark squares} Nf6 27. Ne5 Kg8 (27... Ng4 $142) 28. Nc5 Bd5 (28... a5 $16 {was worth a try.} 29. Ncd3 Qd8 30. Qxd8 Rxd8) 29. b3 (29. Nxa6 $18 Qb7 30. Nc5) 29... Qa8 30. f3 Qc8 31. Rc1 Qf5 32. Re1 Qc8 $1 33. Kf1 Rd8 34. Qf2 {[%emt 0:04:05] White has more active pieces.} Rd6 35. Ng6 {[%emt 0:06:28] and Ne7+ would now be decisive Excellent horsemanship.} Kf7 (35... Qc7 $16) 36. Re7+ (36. Ne7 $18 {is the precise move to win.} Qb8 37. Nf5) 36... Kxg6 $4 {[%emt 0:00:45][%mdl 8192] This costs Black the game.} (36... Kg8 $16) 37. Qg3+ $18 Ng4 38. Qxd6+ Kh7 39. Qxd5 Ne3+ {[%emt 0:01:52] Weighted Error Value: White=0.28 (precise) /Black=0.55  Loses game:     	---       	Black=2      Mistake:       	White=4     	Black=3      Inaccurate:     	White=1     	Black=4      OK:         	White=12    	Black=2      Best:        	White=1     	Black=3      Strong:       	White=1     	Black=1} 1-0

[Event "41st OBSenEM 2025"]
[Site "Berlin"]
[Date "2025.02.04"]
[Round "1.4"]
[White "Krambeer, Bernd"]
[Black "Syre, Christian"]
[Result "0-1"]
[Annotator "NA RC"]
[ECO "B07"]
[WhiteElo "1848"]
[BlackElo "2150"]
[PlyCount "52"]
[EventDate "2025.02.04"]
[EventType "swiss"]
[EventCountry "GER"]
[SourceTitle "playchess.com"]
[Source "ChessBase"]
[SourceQuality "1"]
[TimeControl "40/5400+30:1800+30"]

1. e4 d6 2. d4 Nf6 3. Nc3 g6 4. Bg5 c6 5. a4 Qa5 6. Qd2 h6 7. Bf4 e5 8. Be3 Ng4 9. Bc4 Bg7 10. Nf3 Nxe3 11. fxe3 O-O 12. O-O-O Nd7 13. Nh4 Kh7 14. Qf2 exd4 15. exd4 Nb6 16. Bxf7 Qg5+ 17. Kb1 Rxf7 18. Qxf7 Qxh4 19. e5 dxe5 20. dxe5 Qb4 21. Na2 Qc5 22. Rhe1 Bf5 23. Rd2 Nc4 24. Rde2 Rd8 25. Nc3 Qb4 26. b3 Qxb3+ 0-1

[Event "41st OBSenEM 2025"]
[Site "Berlin"]
[Date "2025.02.05"]
[Round "2.1"]
[White "Trebbin, Wolfhard"]
[Black "Meister, Jakob"]
[Result "0-1"]
[Annotator "TA"]
[ECO "B13"]
[WhiteElo "1918"]
[BlackElo "2418"]
[PlyCount "32"]
[EventDate "2025.02.04"]
[EventType "swiss"]
[EventCountry "GER"]
[SourceTitle "playchess.com"]
[Source "ChessBase"]
[SourceQuality "1"]
[TimeControl "40/5400+30:1800+30"]

1. d4 Nf6 2. Nf3 c5 3. e3 cxd4 4. exd4 d5 5. Bd3 Bg4 6. c3 Nc6 7. Nbd2 e6 8. Qb3 {[%emt 0:01:13] B13: Caro-Kann: Exchange Variation and Panov-Botvinnik Attack.} Qc7 9. O-O Bd6 10. Re1 {[%emt 0:05:57] The position is equal.} O-O 11. g3 Rab8 12. Kg2 $146 (12. Nh4 e5 13. dxe5 Nxe5 14. Bf1 Rfe8 15. f4 Ned7 16. Rxe8+ Rxe8 17. Ndf3 Nc5 18. Qc2 {0-1 Farcadi,H (2046)-Dumitru,M (2221) ROM-ch U18 Calimanesti Caciulata 2019 (7)}) 12... b5 13. Qc2 Rfc8 {[%emt 0:04:11][%cal Oc6b4] Black is more active.} 14. h3 Bh5 15. g4 Bg6 16. Nh4 $2 {[%emt 0:00:34] [#]} (16. Bxg6 $15 hxg6 17. Kg1) 16... Nxd4 $1 {[%emt 0:01:36][%mdl 512] Weighted Error Value: White=0.40/Black=0.04 (flawless)   Loses game:     	White=1     	---        Inaccurate:     	White=2     	---        OK:         	---       	Black=6} 0-1

[Event "41st OBSenEM 2025"]
[Site "Berlin"]
[Date "2025.02.05"]
[Round "2.2"]
[White "Heinig, Wolfram"]
[Black "Wallmann, Bodo"]
[Result "1-0"]
[Annotator "TA"]
[ECO "E91"]
[WhiteElo "2196"]
[BlackElo "1904"]
[PlyCount "101"]
[EventDate "2025.02.04"]
[EventType "swiss"]
[EventCountry "GER"]
[SourceTitle "playchess.com"]
[Source "ChessBase"]
[SourceQuality "1"]
[TimeControl "40/5400+30:1800+30"]

1. d4 Nf6 2. Nf3 g6 3. c4 Bg7 4. Nc3 d6 5. e4 Nc6 6. d5 Ne5 7. Nxe5 dxe5 8. Be2 O-O 9. O-O e6 10. Bg5 h6 11. Bh4 g5 12. Bg3 {[%emt 0:00:05] White is slightly better.} Ne8 13. Rc1 f5 {[%emt 0:02:48] ...f4 would now be deadly.} 14. dxe6 Qxd1 15. Rfxd1 {[%emt 0:02:30] Black must now prevent exf5.} (15. Rcxd1 Bxe6 16. exf5 Rxf5 $16) (15. Rcxd1 {simplifies} Bxe6 16. exf5 Bxf5 17. c5) 15... Bxe6 {[%emt 0:11:19] And now ...f4 would win.} 16. exf5 Bxf5 17. Bf3 c6 18. Be4 Be6 19. b3 Nc7 20. Na4 Na6 {[%emt 0:07:07] Inhibits Nc5.} 21. Rd6 Rfe8 22. Rcd1 Rac8 (22... Bf8 $14 23. Bg6 Bxd6 24. Bxe8 Bc7) 23. f3 {[%emt 0:04:33] White has more active pieces.} ({Better is} 23. Bg6 $16 Bf7 24. Bf5) 23... Kf7 $14 24. h4 Bf8 25. R6d2 Nc5 26. Nxc5 (26. Bxe5 Nxe4 27. fxe4 b5 $14) 26... Bxc5+ 27. Bf2 Bxf2+ 28. Kxf2 gxh4 29. Rh1 Rcd8 30. Rxd8 Rxd8 $11 {[%emt 0:00:41][%mdl 4096] Endgame. KRB-KRB} 31. Ke3 {[%emt 0:00:10] Prevents Rd2.} Kf6 32. Rxh4 Kg5 33. Rh1 h5 34. g3 Rd7 (34... Bf7 $11) 35. Rh2 (35. f4+ $16 exf4+ 36. gxf4+ Kh6 37. f5) 35... Rd1 (35... Bf7 $11 {remains equal.}) 36. f4+ $1 $16 exf4+ 37. gxf4+ Kh6 38. Bf3 {[%emt 0:01:07][%csl LRd1,LRh5] Prevents Bg4} Re1+ 39. Kf2 Ra1 40. Rxh5+ ({Weaker is} 40. Bxh5 Rxa2+ 41. Be2+ Kg7 $15) 40... Kg6 41. Ra5 a6 {[%emt 0:33:07] [#]} 42. Be4+ $1 Kf6 43. Ke3 Rd1 44. Bd3 Bc8 (44... Rh1 $16 {keeps fighting.}) 45. Rh5 $18 Ra1 (45... Re1+ $142 46. Kd4 Rd1) 46. Rh8 Bd7 47. Rh7 Bc8 {[%emt 0:00:26] [#]} 48. Rc7 $1 Bg4 49. Rxb7 Rxa2 50. Rc7 Bd7 $2 (50... c5 51. Rxc5 Ke7 52. Rc7+ Kd8) 51. Rxd7 {[%emt 0:00:00] Weighted Error Value: White=0.13 (very precise) /Black=0.26 (precise) .  Mistake:       	White=2     	Black=6      Inaccurate:     	White=3     	Black=3      OK:         	White=18    	Black=17     Best:        	White=3     	Black=2      Strong:       	White=2     	---} 1-0

[Event "41st OBSenEM 2025"]
[Site "Berlin"]
[Date "2025.02.05"]
[Round "2.3"]
[White "Schmidt, Juergen"]
[Black "Postler, Reinhard"]
[Result "0-1"]
[Annotator "TA"]
[ECO "B80"]
[WhiteElo "1908"]
[BlackElo "2189"]
[PlyCount "58"]
[EventDate "2025.02.04"]
[EventType "swiss"]
[EventCountry "GER"]
[SourceTitle "playchess.com"]
[Source "ChessBase"]
[SourceQuality "1"]
[TimeControl "40/5400+30:1800+30"]

1. e4 c5 2. Nf3 e6 3. d4 cxd4 4. Nxd4 Nc6 5. Nc3 Qc7 6. Be3 a6 7. Qd2 Nf6 8. f3 b5 9. g4 d6 10. O-O-O Be7 11. h4 Nxd4 {[%emt 0:09:44] B80: Sicilian Scheveningen: 6 g3 and 6 Be3, including English Attack.} 12. Bxd4 b4 13. Na4 Rb8 $1 {[%emt 0:06:41] [#] White has an edge.} 14. b3 e5 15. Be3 a5 16. h5 $146 {[%emt 0:11:39] and g5 would now be decisive} (16. Nb2 Be6 17. Bc4 Bc8 18. h5 Nd7 19. g5 Nc5 20. Qg2 Be6 21. g6 Bxc4 22. Nxc4 {1-0 Jelic,I (1953)-Husajina,N (1824) CRO-chT U20 16th 2007 (7)}) 16... Be6 ({Black should try} 16... h6 $14) 17. g5 $16 Nd7 18. Bh3 Nc5 19. Nxc5 (19. Bxc5 {simplifies} dxc5 20. Bxe6 fxe6 21. Nb2) 19... dxc5 {[%emt 0:02:05] [#]} 20. g6 Bxh3 $1 $11 21. h6 fxg6 $1 22. Rxh3 (22. hxg7 $5 Rg8 23. Rxh3 $11) 22... gxh6 {[%emt 0:06:16] ...Rd8 is the strong threat.} 23. Bxh6 Rd8 {[%emt 0:00:42] Wards off Qd3} 24. Qh2 (24. Qe2 $15) 24... Rxd1+ $17 25. Kxd1 Bf6 {[%emt 0:01:37] Inhibits Bg7.} 26. Kc1 c4 27. bxc4 (27. f4 $17) 27... Qxc4 $19 {[%emt 0:01:50] Black attacks} 28. Rg3 $2 (28. Kb1) 28... Qxa2 29. Qh3 Ke7 {[%emt 0:20:18] Weighted Error Value: White=0.62/Black=0.10 (very precise)   Mistake:       	White=4     	Black=1      Inaccurate:     	White=2     	Black=1      OK:         	White=5     	Black=5      Best:        	White=1     	Black=3      Strong:       	---       	Black=3} 0-1

[Event "41st OBSenEM 2025"]
[Site "Berlin"]
[Date "2025.02.05"]
[Round "2.4"]
[White "Syre, Christian"]
[Black "Maetzing, Hans-Dieter"]
[Result "1-0"]
[Annotator "TA"]
[ECO "A48"]
[WhiteElo "2150"]
[BlackElo "1899"]
[PlyCount "47"]
[EventDate "2025.02.04"]
[EventType "swiss"]
[EventCountry "GER"]
[SourceTitle "playchess.com"]
[Source "ChessBase"]
[SourceQuality "1"]
[TimeControl "40/5400+30:1800+30"]

1. d4 Nf6 2. Nf3 d6 3. h3 Nbd7 4. Bf4 c6 5. e3 g6 6. Be2 Bg7 7. O-O O-O 8. c4 Nh5 {[%emt 0:01:27] A48: 1 d4 Nf6 2 Nf3 g6: Torre, London and Colle Systems.} (8... e5 $11 9. Bg3 (9. dxe5 Ne4 $11) 9... Ne4) 9. Bh2 $14 f5 10. Nc3 h6 (10... e5 $16 {keeps fighting.}) 11. Nh4 $18 Qe8 {[%emt 0:13:55] [#]} 12. Nxg6 $1 Qxg6 13. Bxh5 Qh7 $146 (13... Qf6 14. Ne2 e5 15. Rb1 c5 16. dxc5 Nxc5 17. Nc3 Rd8 18. Nd5 Qg5 19. Bg3 Ne4 {1-0 Shendrik,Z (2058)-Khusnutdinova,A RUS-ch (Women) 1st League 61st 2011 (3)}) 14. Qc2 e5 15. dxe5 dxe5 16. Rad1 Nf6 17. Be2 Re8 18. Rd6 Nd7 $2 (18... Qg6 {is more resistant.} 19. Rfd1 e4) 19. Bh5 Bf8 20. Rg6+ Kh8 21. Qxf5 Re7 (21... Bg7 $142 22. Qf7 Rf8) 22. Rd1 {[%emt 0:15:07][%cal Od1d7] [#] aiming for Rxd7!.} Rf7 23. Bxe5+ Nxe5 24. Qxe5+ {[%emt 0:00:01] Black did not feel at home in the position after the opening.   Weighted Error Value: White=0.15 (very precise) /Black=1.04  Mistake:       	---       	Black=3      Inaccurate:     	---       	Black=1      OK:         	White=7     	Black=4      Best:        	White=2     	---} 1-0

[Event "41st OBSenEM 2025"]
[Site "Berlin"]
[Date "2025.02.06"]
[Round "3.1"]
[White "Meister, Jakob"]
[Black "Federau, Juergen"]
[Result "1/2-1/2"]
[Annotator "TA"]
[ECO "A25"]
[WhiteElo "2418"]
[BlackElo "2124"]
[PlyCount "90"]
[EventDate "2025.02.04"]
[EventType "swiss"]
[EventCountry "GER"]
[SourceTitle "playchess.com"]
[Source "ChessBase"]
[SourceQuality "1"]
[TimeControl "40/5400+30:1800+30"]

1. c4 e5 2. Nc3 Nc6 3. g3 f5 4. Bg2 Nf6 5. d3 Bb4 6. Bd2 O-O 7. a3 Bxc3 8. Bxc3 d6 9. b4 Qe8 10. b5 Ne7 11. Nf3 a6 12. a4 Kh8 13. Nd2 Ng6 14. O-O Ng4 15. e3 h5 16. Qe2 h4 17. h3 (17. Rfb1 $16) 17... Nf6 $14 18. Kh2 axb5 19. axb5 Rxa1 20. Rxa1 hxg3+ 21. fxg3 c6 22. bxc6 bxc6 23. Nf3 Bd7 24. Ng5 Qd8 25. Ra7 Kg8 26. d4 (26. Qa2 $16) 26... e4 27. d5 cxd5 28. cxd5 Qe8 (28... Qc8 $14 29. Bxf6 Rxf6) 29. Qa2 Ne5 30. Ne6 $1 Bxe6 31. dxe6 Kh8 (31... Kh7 $16) 32. Bxe5 $18 dxe5 33. e7 Rg8 34. Bf1 $1 {[%emt 0:00:00] Black must now prevent Bc4.} Qh5 35. Be2 Qh6 36. Qd2 (36. Ra8 $142 {[%cal Oa2g8] White wants to mate with Qxg8+!} Rxa8 37. Qxa8+ Kh7 38. e8=Q (38. e8=R Nxe8 39. Qxe8 Qf6 $18) 38... Nxe8 39. Qxe8) 36... Qg6 {[%emt 0:01:24] [#]} (36... Kh7 {was necessary.} 37. Ra5 Qg6 38. Rxe5 Rb8) 37. Bb5 (37. Bc4 $1 $18 Re8 38. Bb5) 37... Nh5 (37... Kh7 $16) 38. Qf2 {[%emt 0:00:35] Active counter play!} (38. e8=B Qxg3+ (38... Rxe8 $2 39. g4 $18) 39. Kh1 Qf3+ (39... Qxh3+ 40. Qh2 $11) 40. Kh2 Qg3+ 41. Kh1 g6 $11 (41... Qxh3+ 42. Qh2 $11)) 38... Nf6 39. Ra6 Qf7 {[%emt 0:00:45] [#]} 40. Qxf5 $2 ({Only move:} 40. g4 $1 $18 {[%cal Rg4g5] g5 would now be deadly.} fxg4 41. Rxf6 g3+ 42. Qxg3 (42. Kxg3 gxf6+ 43. Kh2 Qxe7 $11) 42... Qxf6 43. e8=Q (43. e8=R Rxe8 44. Bxe8 Kh7 $18) 43... Rxe8 44. Bxe8) 40... Qxe7 $14 41. Bf1 Rf8 {[%emt 0:06:11] aiming for ...Nh7.} 42. Bg2 (42. Qg5 $5 Qc5 $8 43. Bg2 $14) 42... Qc5 43. Re6 (43. Bxe4 Qxe3 44. Bg2 Qd4 $11) 43... Qxe3 {[%emt 0:01:41] The position is equal.} 44. Rxe5 Rd8 45. Rc5 Qd4 {[%emt 0:05:15] Black defended with fortune.   Weighted Error Value: White=0.27 (precise) /Black=0.30.  Missed win:     	White=1     	---        Mistake:       	White=4     	Black=4      Inaccurate:     	White=1     	Black=7      OK:         	White=5     	Black=9      Best:        	White=2     	Black=4      Strong:       	White=2     	---} 1/2-1/2

[Event "41st OBSenEM 2025"]
[Site "Berlin"]
[Date "2025.02.06"]
[Round "3.2"]
[White "Glatthor, Thomas"]
[Black "Heinig, Wolfram"]
[Result "0-1"]
[Annotator "TA"]
[ECO "D79"]
[WhiteElo "1990"]
[BlackElo "2196"]
[PlyCount "74"]
[EventDate "2025.02.04"]
[EventType "swiss"]
[EventCountry "GER"]
[SourceTitle "playchess.com"]
[Source "ChessBase"]
[SourceQuality "1"]
[TimeControl "40/5400+30:1800+30"]

1. d4 Nf6 2. Nf3 g6 3. g3 Bg7 4. Bg2 O-O 5. O-O d5 6. c4 c6 7. cxd5 cxd5 8. Nc3 Ne4 9. Qb3 Nxc3 10. Qxc3 Nc6 11. Bf4 (11. Ne5 $11 {should be considered.}) 11... Bf5 12. Ne5 Rc8 13. Nxc6 {[%emt 0:02:04] The position is equal.} Rxc6 14. Qe3 {[%emt 0:00:04] [#]} (14. Qb3 $11 {remains equal.}) 14... Qd7 (14... e6 $1 $17 {White must now prevent ...Qb6.} 15. Rac1 Qb6 16. Rxc6 bxc6) 15. Rac1 Rfc8 16. Bh6 $2 {[%emt 0:07:23] [#]} ({White should play} 16. Rxc6 $15 Rxc6 17. Qa3) 16... Re6 $1 $19 17. Rxc8+ Qxc8 18. Rc1 (18. Qc1 $17 {keeps fighting.} Qxc1 (18... Rxe2 $2 19. Qxc8+ Bxc8 20. Be3 $19) 19. Bxc1) 18... Qd7 ({Not} 18... Rxe3 19. Rxc8+ Bxc8 20. Bxe3 $11) 19. Qf4 {[%emt 0:03:37] White wants to mate with Qb8+.} Bxh6 ({Stronger than} 19... Rxe2 20. Qb8+) 20. Qxh6 Rxe2 21. Qf4 Rxb2 22. Qb8+ Kg7 23. Qxa7 $2 {[%emt 0:06:31] This move loses the game for White.} (23. Qe5+ $17 f6 24. Qxd5) 23... Qe6 {[%emt 0:10:59] Strongly threatening ...Qe2. White is weak on the light squares} 24. Qa3 Qe2 $40 {[%emt 0:01:59][%csl LRa2,LRf2][%mdl 128] Black attacks with force.} 25. Qe3 Qxe3 ({Much less strong is} 25... Rxa2 26. Bxd5 Qxe3 27. fxe3) 26. fxe3 {[%emt 0:00:05][%mdl 4096] Endgame. KRB-KRB} e6 27. Rc7 (27. a4 $142) 27... Bd3 28. Rc3 $2 (28. a4) 28... Bc4 29. a3 f5 30. Bf3 Kf6 31. h3 b5 32. Bg2 e5 33. dxe5+ Kxe5 34. h4 {[%emt 0:02:35] Black is clearly winning.} h6 35. Bf3 d4 36. exd4+ Kxd4 37. Rc1 Rb3 {[%emt 0:00:39][%csl LRa3,LRf3] Weighted Error Value: White=0.54/Black=0.17 (very precise) .  Mistake:       	White=6     	Black=1      Inaccurate:     	White=2     	Black=2      OK:         	White=9     	Black=10     Best:        	White=1     	Black=3      Strong:       	---       	Black=1} 0-1

[Event "41st OBSenEM 2025"]
[Site "Berlin"]
[Date "2025.02.06"]
[Round "3.3"]
[White "Postler, Reinhard"]
[Black "Bornschein, Burkhard"]
[Result "1-0"]
[Annotator "TA"]
[ECO "B33"]
[WhiteElo "2189"]
[BlackElo "1949"]
[PlyCount "61"]
[EventDate "2025.02.04"]
[EventType "swiss"]
[EventCountry "GER"]
[SourceTitle "playchess.com"]
[Source "ChessBase"]
[SourceQuality "1"]
[TimeControl "40/5400+30:1800+30"]

1. e4 c5 2. Nf3 Nc6 3. d4 cxd4 4. Nxd4 Nf6 5. Nc3 e5 6. Ndb5 d6 7. Bg5 a6 8. Na3 b5 9. Nd5 Be7 10. Bxf6 Bxf6 11. c4 Qa5+ (11... b4 $11 12. Nc2 O-O) 12. Qd2 $14 b4 13. Nc2 {[%emt 0:01:52] Excellent horsemanship.} Rb8 (13... Bd8 $14) 14. Nxf6+ $16 gxf6 {[%emt 0:00:07] [#]} 15. b3 $1 (15. Qxd6 $2 {loses.} b3+ 16. Qd2 bxc2 $19) 15... Qc5 16. Rd1 Ke7 17. Ne3 Be6 18. Be2 h5 19. O-O Nd4 {[%emt 0:05:37] [#]} 20. Kh1 $1 f5 $2 {[%emt 0:08:10][%mdl 8192] Black cannot hold the game after this.} (20... Rbg8 $16 {keeps fighting.}) 21. exf5 $18 Nxf5 (21... Bxf5 {was called for.} 22. Nxf5+ Nxf5 23. Qg5+ Ke6 24. Bxh5 f6) 22. Nxf5+ Bxf5 23. Qg5+ Ke6 24. Bf3 {[%emt 0:00:13] Inhibits Be4. Hoping for Bd5+.} ({Resist} 24. Bxh5 f6 $18) 24... Bg6 (24... Bg4 $142 25. Bxg4+ hxg4 26. Qxg4+ Ke7 27. Qg5+ Ke6) 25. Rd5 Qc7 {[%emt 0:03:06] [#]} 26. c5 $1 Rbd8 (26... dxc5 27. Re1) 27. Re1 (27. cxd6 $142 Qxd6 28. Rxd6+ Rxd6 29. Re1) 27... Rhe8 28. cxd6 {[%emt 0:00:32] White mates.} Qc3 29. Rdxe5+ Kd7 30. Re7+ (30. Bxh5 $2 {gets mated.} Qxe1+ 31. Rxe1 Rxe1#) 30... Kxd6 31. Qd5# {[%emt 0:00:11] Weighted Error Value: White=0.06 (flawless) /Black=0.68.  Loses game:     	---       	Black=1      Mistake:       	---       	Black=3      OK:         	White=5     	Black=1      Best:        	White=4     	Black=2      Strong:       	White=1     	---} 1-0